 Dungeon Crawl Stone Soup version 0.25-a0-681-gdf4e720381 (webtiles) character file.

Game seed: 13802905506523728877, levelgen mode: deterministic

18 DerDa the Firebug (level 2, 0/19 HPs)
             Began as a Demonspawn Fire Elementalist on Mar 30, 2020.
             Slain by a bat (1 damage)
             ... on level 1 of the Dungeon.
             The game lasted 00:04:18 (859 turns).

DerDa the Firebug (Demonspawn Fire Elementalist)     Turns: 859, Time: 00:04:19

Health: 0/19       AC:  3    Str:  8    XL:     2   Next: 51%
Magic:  0/5        EV: 12    Int: 16    God:
Gold:   27         SH:  0    Dex: 13    Spells: 4/5 levels left

rFire    . . .     SeeInvis .   f - +0 club
rCold    . . .     Gourm    .   (no shield)
rNeg     . . .     Faith    .   a - +0 robe
rPois    .         Spirit   +   (no helmet)
rElec    .         Reflect  .   j - -1 cloak (curse)
rCorr    +         Harm     .   (no gloves)
MR       .....                  l - +0 pair of boots
Stlth    ++........             (no amulet)
HPRegen  0.06/turn              h - ring of resist corrosion
MPRegen  0.09/turn              (no ring)

@: no status effects
A: magic shield
a: no special abilities


You were on level 1 of the Dungeon.
You were not hungry.

You visited 1 branch of the dungeon, and saw 1 of its levels.

You collected 27 gold pieces.

Inventory:

Hand Weapons
 f - a +0 club (weapon)
Armour
 a - a +0 robe (worn)
 j - a cursed -1 cloak (worn)
 k - a +0 buckler
 l - a +0 pair of boots (worn)
Jewellery
 h - a ring of resist corrosion (left hand)
Scrolls
 e - a scroll of amnesia {unknown}
 g - 2 scrolls of immolation {unknown}
 m - a scroll of identify {unknown}
Potions
 b - 2 potions of curing {unknown}
 d - a potion of ambrosia {unknown}
Comestibles
 c - 2 rations


   Skills:
 - Level 1.7 Dodging
 - Level 1.7 Stealth
 * Level 2.3 Spellcasting
 * Level 1.6 Conjurations
 * Level 3.0 Fire Magic


You had 4 spell levels left.
You knew the following spells:

 Your Spells              Type           Power        Failure   Level  Hunger
a - Foxfire               Conj/Fire      #...         8%          1    #......

Your spell library contained the following spells:

 Spells                   Type           Power        Failure   Level  Hunger
 Conjure Flame            Conj/Fire      #.......     22%         3    ###....
 Inner Flame              Hex/Fire       #.......     32%         3    ###....
 Sticky Flame             Conj/Fire      #.......     58%         4    #####..
 Fireball                 Conj/Fire      #.........   91%         5    ######.


Dungeon Overview and Level Annotations

Branches:
Dungeon (1/15)

Altars:


Innate Abilities, Weirdness & Mutations

When hurt, damage is shared between your health and your magic reserves.


Message History

The bat barely misses you. The bat closely misses you. The bat hits you.
The bat hits you but does no damage.
There is a stone staircase leading down here.
The bat hits you but does no damage. The bat hits you.
* * * LOW HITPOINT WARNING * * *
The bat closely misses you. The bat hits you but does no damage. x2
The bat hits you but does no damage. The bat barely misses you.
The bat barely misses you. The bat hits you but does no damage.
The bat hits you but does no damage.
All of the chunks of flesh in your inventory have rotted away.
The bat closely misses you. The bat misses you. The bat hits you.
The bat hits you.
You die...

.#######.###.##... ...
.####......s.##.##. ..#
.......>g..g..s..#.##.#.#
.####.##.######..#.##.#.# .#
#.##.# #.g#.##.#.#
#####.##.######..#.##.#.#
.................#.##.#.#
..............##b#.##.#.#
###..#.#.####.##@#....#.#
.....#.#.# #.....).....#########
#.##.#.#.####....#.###..#........
#.##.#.#...........# #.....##''''
#....#.######.####.# #...###.....
..####.# #.# #.###..##....... #.#
#.# #.# #.##...##....... #.#
#.####.#...#######''' #.#
.######.(........#g#.......


You could see a giant cockroach, a hobgoblin and a bat.

Vanquished Creatures
  5 bats (D:1)
  A giant cockroach (D:1)
  3 goblins (D:1)
  3 hobgoblins (D:1)
  2 jackals (D:1)
  A frilled lizard (D:1)
15 creatures vanquished.

Vanquished Creatures (others)
  48 foxfires (D:1)
48 creatures vanquished.

Grand Total: 63 creatures vanquished

Notes
Turn   | Place    | Note
-------+----------+-------------------------------------------
     0 | D:1      | DerDa the Demonspawn Fire Elementalist began the quest for
                  | the Orb.
     0 | D:1      | Reached XP level 1. HP: 13/13 MP: 3/3
   198 | D:1      | Gained mutation: When hurt, damage is shared between your
                  | health and your magic reserves. [demonic ancestry]
   198 | D:1      | Reached XP level 2. HP: 13/19 MP: 1/5
   424 | D:1      | Reached skill level 3 in Fire Magic
   859 | D:1      | Slain by a bat

Levels and vault maps discovered:
D:1:      lordsloth_arrival_two_stooges, layout_loops_ring,
          grunt_decor_one_mirror, minmay_heptomino_o4

Skill      XL: |  1  2 |
---------------+-------+-----
Fire Magic     | 3 |  3.0
Dodging        | |  1.7
Stealth        | |  1.7
Spellcasting   | |  2.3
Conjurations   | |  1.6

Action                   || total
-------------------------++-------
Melee: Unarmed           ||    14
       Club              ||     9
 Cast: Foxfire           ||    31
Armor: Robe              ||    18
Dodge: Dodged            ||    51

Table legend:
 A = Non-vault XP
 B = Vault XP
 C = Vault XP percentage of total XP
 D = Non-vault monster count
 E = Vault monster count
 F = Vault count percentage of total count
                 A         B        C        D         E       F
            +---------+---------+-------+---------+---------+-------
      Total |      25 |       2 |   7.4 |      14 |       1 |   6.7
            +---------+---------+-------+---------+---------+-------
        D:1 |      25 |       2 |   7.4 |      14 |       1 |   6.7
            +---------+---------+-------+---------+---------+-------
